Match 46993328
Unlisted

Match 46993328
End
Selects Italian Combined Arms Battlegroup
Selects Bersaglieri Squad
Bersaglieri Squad
250 Light Carrier
Bersaglieri Squad
Bersaglieri Squad
Construct Light Support Kompanie
2.5-tonne Medical Truck
Selects Bersaglieri Bolster
Construct Mechanized Kompanie
8 Rad Armored Car
Selects Breda Model 30 Light Machine Guns
Vehicle Survival Package
8 Rad Armored Car
Support Armor Elements
Juan
Carecup
water
Boat Goes Binted
Commander Z
Firm Hands
Silianu
soiweg
0
0

Comments sign in to comment!

No comments posted yet!